 Dungeon Crawl Stone Soup version 0.31-a0-259-g771a54ca4b (webtiles) character file.

Game seed: 11294786014168441128

290 qw the Shooter (level 6, 1/1 HPs)
             Began as a Gargoyle Hexslinger on July 13, 2023.
             Quit the game on level 4 of the Dungeon.
             The game lasted 01:25:08 (30914 turns).

qw the Shooter (Gargoyle Hexslinger)               Turns: 30914, Time: 01:25:08

Health: 1/1        AC: 10    Str: 12    XL:     6   Next: 32%
Magic:  7/7        EV: 10    Int: 13    God:
Gold:   115        SH:  0    Dex: 14    Spells: 6/7 levels left

rFire   . . .        Y - +1 sling
rCold   . . .        (no shield)
rNeg    + . .        k - +0 ring mail
rPois   inf          (no helmet)
rElec   +            (no cloak)
rCorr   .            j - +0 pair of gloves
SInv    .            (no boots)
Will    .....        h - amulet of regeneration
Stlth   +            (no ring)
HPRegen 1.00/turn    (no ring)
MPRegen 0.10/turn

%: no passive effects
@: no status effects
A: sickness immunity, AC +4, negative energy resistance 1, electricity
resistance, torment resistance 1, petrification resistance
a: no special abilities


You were on level 4 of the Dungeon.
You visited 1 branch of the dungeon, and saw 4 of its levels.

You collected 165 gold pieces.
You spent 50 gold pieces at shops.


Innate Abilities, Weirdness & Mutations

You are immune to sickness and miasma.
Your stone body is resilient. (AC +4)
You are immune to poison.
You resist negative energy. (rN+)
You are resistant to electric shocks. (rElec)
You are resistant to unholy torment.
You are immune to petrification.


   Skills:
 - Level 3.6 Fighting
 + Level 5.4 Ranged Weapons
 - Level 1.0 Armour
 - Level 1.5 Dodging
 - Level 1.0 Spellcasting
 - Level 2.6 Hexes


You had 6 spell levels left.
You knew the following spells:

 Your Spells              Type           Power      Damage    Failure   Level
a - Slow                  Hex            28%        N/A       22%         1

Your spell library contained the following spells:

 Spells                   Type           Power      Damage    Failure   Level
 Inner Flame              Hex/Fire       4%         N/A       73%         3
 Portal Projectile        Hex/Tloc       8%         N/A       73%         3
 Cause Fear               Hex            3%         N/A       91%         4

Inventory:

Hand Weapons
 Y - a +1 sling (weapon)
Armour
 j - a +0 pair of gloves (worn)
 k - a +0 ring mail (worn)
Jewellery
 h - an amulet of regeneration (around neck)
Scrolls
 g - 8 scrolls of identify
Potions
 c - 2 potions of heal wounds
 d - 3 potions of curing
 f - a potion of might
 i - a potion of mutation

Dungeon Overview and Level Annotations

Branches:
Dungeon (4/15)
 Temple: D:4-7

Altars:
Elyvilon
Fedhas
Zin

Shops:
D:1 :   D:2 *!=*=


Message History

Enter note:
Enter note:
Enter note:
Enter note:
Enter note:
Enter note:
Enter note:
Enter note:
Enter note:
Enter note:
Enter note:
Enter note:
Enter note:
Enter note:
Enter note:
Enter note:
Enter note:
Enter note:
Enter note:
Enter note:
Enter note:
Enter note:
Enter note:
Enter note:
Enter note:
Enter note:
Enter note:
Enter note:
Enter note:
Enter note:
Enter note:
Enter note:
Enter note:
Enter note:
Enter note:
Enter note: Zot's power touches on you...
Buggy note passed: unknown note type
30914 ||| QUITTING!
Are you sure you want to abandon this character and quit the game? (Confirm with "yes".) ###### .P#P.PPPP PPP.P#P#PP PP..PPP#P##P ##..PPP..PPPPPPP.7P

#P7.PPPP.......PPPP
#P7.PPP..~~~~~..P.P
#P@PPP..~~~~~~~....
#PP.P..~~~~~~~~~..7
#PPP..~~~~~~~~~~~.#
#PPP#.~~~~...~~~~.#
#PPPP......_.~~~~..
#PPPP.~~~~...~~~~.#
#.PP7.~~~~~~~~~~~.7
##PPP..~~~~~~~~~..P
#PPPPP..~~~~~~~..#7


There were no monsters in sight!

Vanquished Creatures
  A phantom (D:4)
  A scorpion (D:4)
  An orc wizard (D:4)
  6 adders
  A dart slug (D:4)
  8 orcs
  7 endoplasms
  2 giant cockroaches
  4 goblins
  8 hobgoblins
  5 quokkas
  8 ball pythons
  8 bats
  2 frilled lizards (D:1)
  6 rats
68 creatures vanquished.

Notes
Turn   | Place    | Note
-------+----------+-------------------------------------------
     0 | D:1      | qw the Gargoyle Hexslinger began the quest for the Orb.
     0 | D:1      | Reached XP level 1. HP: 12/12 MP: 2/2
     0 | D:1      | 0 ||| qw: Version: 0.3-a-52-g30416fa
     0 | D:1      | 0 ||| qw: Game counter: 6944
     0 | D:1      | 0 ||| qw: Melee chars always use a shield: true
     0 | D:1      | 0 ||| qw: God list: Okawaru
     0 | D:1      | 0 ||| qw: Allow faded altars: false
     0 | D:1      | 0 ||| qw: Do Orc after clearing Dungeon:15 true
     0 | D:1      | 0 ||| qw: Do second Lair branch before Depths: true
     0 | D:1      | 0 ||| qw: Lair rune preference: random
     0 | D:1      | 0 ||| qw: Goals: Normal
     0 | D:1      | 0 ||| PLANNING D:1-11
    51 | D:1      | Found Gisah's Book Shop.
    72 | D:1      | Reached XP level 2. HP: 16/16 MP: 3/3
   241 | D:1      | Reached skill level 3 in Ranged Weapons
   362 | D:1      | You fall into a shaft and drop 1 floor!
   385 | D:2      | Found Demausow's Jewellery Boutique.
   388 | D:2      | 388 ||| SHOPLISTING +5 ring of evasion (432 gold, have 19).
   388 | D:2      | 388 ||| SHOPLISTING ring "Gaegara" {Int+4 Slay+2 SInv} (465
                  | gold, have 19).
   388 | D:2      | 388 ||| SHOPLISTING ring "Jocawim" {rPois rF+ Will+ Str-3
                  | Int+3} (475 gold, have 19).
   388 | D:2      | 388 ||| SHOPLISTING ring of Cudiathre {Fly rPois Will++
                  | Str-4} (411 gold, have 19).
   388 | D:2      | 388 ||| SHOPLISTING ring of positive energy (240 gold, have
                  | 19).
   473 | D:2      | Reached XP level 3. HP: 13/21 MP: 4/4
   608 | D:2      | Found Miokeac's Jewellery Emporium.
   616 | D:2      | 616 ||| SHOPLISTING +6 ring of dexterity (432 gold, have
                  | 40).
   616 | D:2      | 616 ||| SHOPLISTING ring of ice (300 gold, have 40).
   616 | D:2      | 616 ||| SHOPLISTING ring of willpower (300 gold, have 40).
   701 | D:2      | 701 ||| UPGRADING to +0 pair of gloves.
   706 | D:2      | 706 ||| UPGRADING to +0 ring mail.
   716 | D:2      | 716 ||| DROPPING +0 robe.
   717 | D:2      | 717 ||| READING scroll labelled OPRUMN EPNA.
   718 | D:2      | 718 ||| READING 3 scrolls labelled ILEZXY AM NYIRELI.
   719 | D:2      | 719 ||| READING 2 scrolls labelled KEPLEY KARUXORUO.
   720 | D:2      | 720 ||| READING scroll labelled CIZOKK XIYFOXTU.
   733 | D:2      | HP: 4/21 [hobgoblin (2)]
   805 | D:2      | 805 ||| READING 2 scrolls labelled TUOGOU JAIBB.
   806 | D:2      | 806 ||| DRINKING 4 murky clear potions.
   807 | D:2      | 807 ||| DRINKING 2 metallic purple potions.
   808 | D:2      | 808 ||| READING 2 scrolls of identify.
   808 | D:2      | 808 ||| IDENTIFYING white potion
   809 | D:2      | 809 ||| DROPPING scroll of poison.
   810 | D:2      | 810 ||| DROPPING scroll of revelation.
   811 | D:2      | 811 ||| DROPPING scroll of vulnerability.
  1016 | D:1      | 1016 ||| READING scroll labelled MUF MEOJUIRA.
  1172 | D:2      | Reached skill level 1 in Armour
  1211 | D:2      | Reached XP level 4. HP: 26/26 MP: 5/5
  1314 | D:2      | Found Apsogot's Assorted Antiques.
  1338 | D:2      | 1338 ||| SHOPLISTING 3 scrolls labelled CIQIQO BETZA (75
                  | gold, have 65).
  1338 | D:2      | 1338 ||| SHOPLISTING blackened golden amulet (125 gold,
                  | have 65).
  1338 | D:2      | 1338 ||| SHOPLISTING buzzing sling (162 gold, have 65).
  1338 | D:2      | 1338 ||| SHOPLISTING pair of embroidered boots (187 gold,
                  | have 65).
  1338 | D:2      | 1338 ||| BUYING scroll of identify (50 gold).
  1338 | D:2      | Bought a scroll of identify for 50 gold pieces
  1398 | D:2      | Found Weommah's Assorted Antiques.
  1403 | D:2      | 1403 ||| SHOPLISTING brown potion (20 gold, have 15).
  1403 | D:2      | 1403 ||| SHOPLISTING metallic inky potion (20 gold, have
                  | 15).
  1403 | D:2      | 1403 ||| SHOPLISTING pair of runed gloves (172 gold, have
                  | 15).
  1403 | D:2      | 1403 ||| SHOPLISTING ruby potion (20 gold, have 15).
  1403 | D:2      | 1403 ||| SHOPLISTING worn bronze wand (92 gold, have 15).
  1410 | D:2      | Found Fyit's Distillery.
  1415 | D:2      | 1415 ||| SHOPLISTING 2 potions of curing (78 gold, have
                  | 15).
  1415 | D:2      | 1415 ||| SHOPLISTING potion of cancellation (104 gold, have
                  | 15).
  1415 | D:2      | 1415 ||| SHOPLISTING potion of curing (39 gold, have 15).
  1415 | D:2      | 1415 ||| SHOPLISTING potion of enlightenment (65 gold, have
                  | 15).
  1415 | D:2      | 1415 ||| SHOPLISTING potion of heal wounds (65 gold, have
                  | 15).
  1433 | D:2      | 1433 ||| UPGRADING to amulet of regeneration.
  1438 | D:2      | 1438 ||| READING scroll labelled RIAKHL TETUJ.
  1439 | D:2      | 1439 ||| READING scroll labelled ILUOWK AXTIVOC.
  1440 | D:2      | 1440 ||| READING scroll labelled GAUFFEMYNIF.
  1441 | D:2      | 1441 ||| READING 2 scrolls of identify.
  1441 | D:2      | 1441 ||| IDENTIFYING sapphire potion
  1518 | D:3      | Found a faded altar of an unknown god.
  1926 | D:3      | Reached skill level 4 in Ranged Weapons
  2033 | D:3      | Found a glowing silver altar of Zin.
  2133 | D:3      | Found a white marble altar of Elyvilon.
  2376 | D:3      | 2376 ||| READING 7 scrolls of identify.
  2376 | D:3      | 2376 ||| IDENTIFYING metallic inky potion
  2377 | D:3      | 2377 ||| DROPPING potion of degeneration.
  2461 | D:4      | Reached XP level 5. HP: 30/30 MP: 6/6
  2637 | D:4      | Reached skill level 5 in Ranged Weapons
  2637 | D:4      | Noticed a phantom
  2658 | D:4      | Killed a phantom
  2659 | D:4      | Reached skill level 3 in Fighting
  2659 | D:4      | Reached XP level 6. HP: 31/37 MP: 7/7
  2805 | D:4      | Found a blossoming altar of Fedhas.
  2825 | D:4      | Noticed an oklob plant
 22913 | D:4      | Glimpsed the power of Zot.
 23413 | D:4      | Glimpsed the power of Zot.
 23813 | D:4      | Glimpsed the power of Zot.
 23913 | D:4      | Touched by the power of Zot (MHP 37 -> 28)
 23914 | D:4      | Glimpsed the power of Zot.
 24414 | D:4      | Glimpsed the power of Zot.
 24814 | D:4      | Glimpsed the power of Zot.
 24913 | D:4      | Touched by the power of Zot (MHP 30 -> 22)
 24914 | D:4      | Glimpsed the power of Zot.
 25414 | D:4      | Glimpsed the power of Zot.
 25814 | D:4      | Glimpsed the power of Zot.
 25913 | D:4      | Touched by the power of Zot (MHP 24 -> 17)
 25914 | D:4      | Glimpsed the power of Zot.
 26414 | D:4      | Glimpsed the power of Zot.
 26814 | D:4      | Glimpsed the power of Zot.
 26913 | D:4      | Touched by the power of Zot (MHP 18 -> 12)
 26914 | D:4      | Glimpsed the power of Zot.
 27414 | D:4      | Glimpsed the power of Zot.
 27814 | D:4      | Glimpsed the power of Zot.
 27913 | D:4      | Touched by the power of Zot (MHP 13 -> 8)
 27914 | D:4      | Glimpsed the power of Zot.
 28414 | D:4      | Glimpsed the power of Zot.
 28814 | D:4      | Glimpsed the power of Zot.
 28913 | D:4      | Touched by the power of Zot (MHP 9 -> 5)
 28914 | D:4      | Glimpsed the power of Zot.
 29414 | D:4      | Glimpsed the power of Zot.
 29814 | D:4      | Glimpsed the power of Zot.
 29913 | D:4      | Touched by the power of Zot (MHP 6 -> 2)
 29914 | D:4      | Glimpsed the power of Zot.
 30414 | D:4      | Glimpsed the power of Zot.
 30814 | D:4      | Glimpsed the power of Zot.
 30913 | D:4      | Touched by the power of Zot (MHP 3 -> 1)
 30914 | D:4      | 30914 ||| QUITTING!
 30914 | D:4      | Quit the game

Levels and vault maps discovered:
D:1:      dpeg_arrival_tiny_a, layout_loops_cross, serial_shops,
          nicolae_book_shop_shelving, chequers_serial_rivers_small_b,
          chequers_serial_rivers_small_a, serial_park_tiny_pond
D:2:      layout_basic, serial_shops, shop, nicolae_shop_tiny_waterfront,
          nicolae_shop_hallway_plus, nicolae_shop_behind_doors, shop
D:3:      layout_loops_corners, mainiacjoe_overflow_catch_the_wave,
          nicolae_ecumenical_pavilion
D:4:      layout_basic, tgw_fedhas, minmay_increasing_density

Skill      XL: |  1  2  3  4  5 |
---------------+----------------+-----
Ranged Weapons | 3 4 5 |  5.4
Fighting       | 2 3 |  3.6
Armour         | 1 |  1.0
Dodging        | |  1.5
Spellcasting   | |  1.0
Hexes          | |  2.6

Action                     |  1- 3 |  4- 6 || total
---------------------------+-------+-------++-------
   Fire: Sling             |    92 |   189 ||   281
    Use: Scroll            |     7 |     5 ||    12
         Potion            |     2 |       ||     2
 Armour: Robe              |     7 |       ||     7
         Ring mail         |    14 |   106 ||   120
  Dodge: Dodged            |    36 |    78 ||   114

Table legend:
 A = Non-vault XP
 B = Vault XP
 C = Vault XP percentage of total XP
 D = Non-vault monster count
 E = Vault monster count
 F = Vault count percentage of total count
                 A         B        C        D         E       F
            +---------+---------+-------+---------+---------+-------
      Total |     191 |     224 |  54.0 |      60 |       8 |  11.8
            +---------+---------+-------+---------+---------+-------
        D:1 |      28 |       0 |   0.0 |      17 |       0 |   0.0
        D:2 |      61 |       0 |   0.0 |      16 |       0 |   0.0
        D:3 |      57 |       0 |   0.0 |      22 |       0 |   0.0
        D:4 |      45 |     224 |  83.3 |       5 |       8 |  61.5
            +---------+---------+-------+---------+---------+-------
